Unix NetHack Version 5.0.0-0 post-release - last build Jul 19 2026 19:10:59 (3aa4ab31751d3886436d94b585a96704892fd477,branch:main).

Game began 2026-07-20 12:56:11, ended 2026-07-20 18:06:22.

Anarchos, lawful female dwarven Valkyrie

    --f
    |.a[
    |-ay-
    |<.%|
    --*--
     --%

Anarchos the Skirmisher     St:14 Dx:16 Co:15 In:9 Wi:9 Ch:8  Lawful
Dlvl:6  $:262 HP:0(32) Pw:4(4) AC:0  Xp:3 T:2050  Burdened

Latest messages:
 You finish your dressing maneuver.
 What do you want to take off? [covT or ?*] T
 The housecat bites!
 The housecat just misses!
 You finish taking off your mail.
 The housecat misses!
 What do you want to throw? [$bhlszADEKQ-S or ?*] i
 In what direction? 3
 The housecat seems more amiable.
 Your housecat devours a food ration.
 What do you want to wear? [T or ?*] T
 You hear some noises.
 You finish your dressing maneuver.
 What do you want to wear? [*] v
 You are already wearing that!
 You are carrying too much to get through.
 The soldier ant snaps wildly and misses!
 The soldier ant misses!
 The soldier ant misses!
 The soldier ant misses!
 The soldier ant stings!
 You miss the soldier ant.
 The soldier ant misses!
 The soldier ant stings!
 The soldier ant bites!
 The soldier ant misses!
 The soldier ant misses!
 The soldier ant stings!
 The soldier ant bites!
 The soldier ant misses!
 Are you sure you want to pray? [yn] (n) y
 You begin praying to Tyr.
 You are surrounded by a shimmering light.
 The soldier ant starts to attack you, but pulls back.
 The soldier ant starts to attack you, but pulls back.
 The soldier ant starts to attack you, but pulls back.
 The soldier ant starts to attack you, but pulls back.
 The soldier ant starts to attack you, but pulls back.
 You finish your prayer.
 You feel that Tyr is well-pleased.
 You feel much better.
 The soldier ant bites!
 The soldier ant stings!
 The soldier ant's sting was poisoned!
 The soldier ant bites!
 The soldier ant stings!
 The soldier ant bites!
 You die...
 Do you want your possessions identified? [ynq] (y) y
 Do you want to see your attributes? [ynq] (y) q

Inventory:
 Coins    ('$')
  $ - 262 gold pieces
 Weapons  (')')
  Q - a +1 arrow
  D - 7 +0 arrows
  K - a cursed -1 sling
  E - 6 +0 darts
  s - a poisoned +0 dart
  b - a blessed +0 dagger
  a - a +1 dwarvish spear (weapon in left hand)
  S - a +0 elven dagger
  A - a +0 javelin (at the ready)
  l - a cursed +0 orcish spear
  z - a +0 dwarvish short sword
  h - a +0 flail
  R - a +0 scimitar
 Armor    ('[')
  v - an uncursed +0 orcish helm (being worn)
  F - a cursed -2 orcish helm
  o - an uncursed +0 pair of kicking boots (being worn)
  f - an uncursed +0 shield of drain resistance
  c - an uncursed +3 small shield (being worn)
  T - an uncursed +0 orcish chain mail (being worn)
 Comestibles  ('%')
  w - an uncursed tin of stir fried newt meat
  g - 3 uncursed lichen corpses
 Scrolls  ('?')
  p - an uncursed scroll of enchant armor
  k - a blessed scroll of enchant weapon
 Spellbooks  ('+')
  q - an uncursed spellbook of blank paper
  n - an uncursed spellbook of drain life
  j - an uncursed spellbook of healing
 Potions  ('!')
  t - a cursed potion of gain energy
  O - an uncursed potion of paralysis
 Rings    ('=')
  N - an uncursed ring of invisibility
  m - an uncursed ring of polymorph control (on left hand)
 Tools    ('(')
  P - an empty uncursed sack
  u - an empty cursed sack
  e - a cursed lock pick
  C - an uncursed mirror
 Gems/Stones  ('*')
  y - an uncursed chrysoberyl stone
  r - an uncursed opal
  G - 2 uncursed worthless pieces of green glass
  H - a cursed worthless piece of violet glass
  B - 2 uncursed worthless pieces of yellow glass
  x - 2 uncursed worthless pieces of yellowish brown glass
  M - an uncursed flint stone

Anarchos the Valkyrie's attributes:

Background:
 You were a Skirmisher, a level 3 dwarven Valkyrie.
 You were lawful, on a mission for Tyr
 who was opposed by Odin (neutral) and Loki (chaotic).
 You were left-handed.
 You were in the Gnomish Mines, on level 6.
 You entered the dungeon 2050 turns ago.
 You had 63 experience points, 17 more were needed to attain level 4.

Basics:
 You had 0 out of 32 hit points.
 You had all 4 energy points (spell power).
 Your armor class was 0.
 Your wallet contained 262 zorkmids.
 Autopickup was on for all types.

Final Characteristics:
 Your strength was 14 (peak:18/01, limit:18/100).
 Your dexterity was 16 (limit:20).
 Your constitution was 15 (limit:20).
 Your intelligence was 9 (limit:16).
 Your wisdom was 9 (limit:16).
 Your charisma was 8 (limit:16).

Final Status:
 You weren't hungry.
 You were burdened; movement was slightly slowed.
 You were wielding a spear.
 You had basic skill with spear.

Final Attributes:
 You were devoutly aligned.
 You were cold resistant.
 You had infravision.
 You were invisible.
 You were stealthy.
 You were warded.
 Your spell casting was impaired by metallic armor.
 You had polymorph control.
 You are dead.

Miscellaneous:
 You encountered 1 bones level.
 Total elapsed playing time was 1 hour, 26 minutes and 59 seconds.

Major events:
 Turn
    1: Anarchos the lawful dwarven Valkyrie entered the dungeon
 1455: entered the Gnomish Mines
 1516: attained the rank of Skirmisher (level 3)
 2019: reached Mine Town
 2050: killed by a soldier ant

Spells:
 Name                 Level Category     Fail Retention
 drain life             2   attack       100%  76%-100%

Skills:
 Fighting Skills
   bare handed combat [Unskilled]
   two weapon combat  [Unskilled]
   riding             [Unskilled]
 Weapon Skills
   dagger             [Basic]
   axe                [Unskilled]
   pick-axe           [Unskilled]
   short sword        [Unskilled]
   broadsword         [Unskilled]
   long sword         [Unskilled]
   two-handed sword   [Unskilled]
   saber              [Unskilled]
   hammer             [Unskilled]
   quarterstaff       [Unskilled]
   polearms           [Unskilled]
   spear              [Basic]
   trident            [Unskilled]
   lance              [Unskilled]
   sling              [Unskilled]
 Spellcasting Skills
   attack spells      [Unskilled]
   escape spells      [Unskilled]

Voluntary challenges:
 Character rerolling was not enabled.
 You never genocided any monsters.
 You never polymorphed an object.
 You never changed form.
 You used no wishes.
Achievements:
 You entered a shop.
 You entered the Gnomish Mines.
 You attained the rank of Skirmisher.
 You entered Minetown.

 The Dungeons of Doom: levels 1 to 3
    Level 1:
       Some fountains.
    Level 2:
       An armor shop.
    Level 3:
       A general store.
       Stairs down to The Gnomish Mines.
 The Gnomish Mines: levels 4 to 6
    Level 4:
    Level 5:
    Level 6: <- You were here.
       Final resting place for
          you, killed by a soldier ant,
          Langmuir-Kni-Hum-Mal-Law, killed by a soldier ant,
          spody-Wiz-Gno-Mal-Neu, killed by an owlbear.


Vanquished creatures:
  a bugbear
  a rabid rat
  a wererat
 an acid blob
  a hobbit
  a yellow mold
  3 gnomes
  3 geckos
  a jackal
  a fox
  2 goblins
  2 sewer rats
  3 grid bugs
  4 lichens
  a kobold zombie
  5 newts
31 creatures vanquished.

No species were genocided or became extinct.

Game over:
                       ----------
                      /          \
                     /    REST    \
                    /      IN      \
                   /     PEACE      \
                  /                  \
                  |     Anarchos     |
                  |      262 Au      |
                  |   killed by a    |
                  |   soldier ant    |
                  |                  |
                  |                  |
                  |       2026       |
                 *|     *  *  *      | *
        _________)/\\_//(\/(/\)/\//\/|_)_______

Farvel Anarchos the Valkyrie...

You died in The Gnomish Mines on dungeon level 6 with 748 points,
and 262 pieces of gold, after 2050 moves.
You were level 3 with a maximum of 32 hit points when you died.

